 Dungeon Crawl Stone Soup version 0.29.1-15-g9cfb28693d (webtiles) character file.

Game seed: 6478195246834606438

209806 devnull the Phalangite (level 18, -6/149 HPs)
             Began as a Merfolk Gladiator on Mar 4, 2023.
             Was a High Priest of Zin.
             Mangled by Mennas
             ... wielding a +3 trishula of holy wrath
              (18 damage)
             ... on level 1 of the Vaults on Mar 5, 2023.
             The game lasted 03:08:02 (35911 turns).

devnull the Phalangite (Merfolk Gladiator)         Turns: 35911, Time: 03:08:03

Health: -6/149     AC: 18    Str: 25    XL:     18   Next: 83%
Magic:  23/27      EV: 29    Int: 16    God:    Zin [*****.]
Gold:   1497       SH:  0    Dex: 23    Spells: 2/17 levels left

rFire   . . .      SeeInvis +   a - +7 bardiche (distort)
rCold   . . .      Faith    .   (shield currently unavailable)
rNeg    + . .      Spirit   .   y - +4 robe "Xomaps" {Regen+ Dex+4}
rPois   ∞          Reflect  .   k - +2 helmet {Int+3}
rElec   .          Harm     .   P - +2 cloak
rCorr   .          Rampage  .   T - +0 pair of gloves
Will    +....                   n - +0 pair of boots of Tulips {rN+ SInv}
Stlth   +.........              e - amulet of regeneration
HPRegen 1.94/turn               R - +4 ring of protection
MPRegen 0.20/turn               z - ring of poison resistance

@: mighty, vitalised, hasted (expiring), glowing, studying Earth Magic,
invisible (but backlit and visible) (expiring), very quick
A: (nimble swimmer 2), mertail
}: 1/15 runes: decaying
a: Renounce Religion, Recite, Vitalisation, Imprison, Sanctuary, Donate Gold


You were on level 1 of the Vaults.
You worshipped Zin.
Zin was extremely pleased with you.
You visited 6 branches of the dungeon, and saw 29 of its levels.

You collected 2421 gold pieces.
You spent 691 gold pieces at shops.
You donated 233 gold pieces to Zin.

Inventory:

Hand Weapons
 a - a +7 bardiche of distortion (weapon)
 c - a +1 glaive of freezing
 V - a +1 trident of freezing
Missiles
 d - 2 throwing nets
 o - 29 poisoned darts (quivered)
 O - 5 silver boomerangs
Armour
 k - a +2 helmet of intelligence (worn)
 n - the +0 pair of boots of Tulips (worn) {rN+ SInv}
   (You found it on level 4 of the Swamp)

   rN:        It protects you from negative energy.
   SInv:      It lets you see invisible.
 u - +0 acid dragon scales
 w - a +1 tower shield of reflection
 y - the +4 robe "Xomaps" (worn) {Regen+ Dex+4}
   (You found it on level 14 of the Dungeon)

   Dex:       It affects your dexterity (+4).
   Regen:     It increases your rate of health regeneration.
 H - +0 fire dragon scales
 P - a +2 cloak (worn)
 T - a +0 pair of gloves (worn)
Jewellery
 e - an amulet of regeneration (around neck)
 l - an amulet of the acrobat
 q - a ring of fire
 z - a ring of poison resistance (right hand)
 D - a +4 ring of protection
 F - a +6 ring of dexterity
 I - a ring of fire
 R - a +4 ring of protection (left hand)
Wands
 f - a wand of roots (13)
 s - a wand of light (1)
 L - a wand of flame (41)
 U - a wand of digging (12)
 Y - a wand of mindburst (6)
 Z - a wand of paralysis (10)
Scrolls
 b - a scroll of silence
 h - 2 scrolls of fear
 i - 8 scrolls of butterflies
 m - 4 scrolls of blinking
 t - a scroll of poison
 C - 6 scrolls of teleportation
 E - 3 scrolls of magic mapping
 G - 2 scrolls of brand weapon
 X - 5 scrolls of immolation
Potions
 g - 5 potions of flight
 j - 9 potions of curing
 p - 2 potions of brilliance
 r - 4 potions of attraction
 v - 2 potions of resistance
 x - a potion of invisibility
 B - 2 potions of cancellation
 J - 2 potions of magic {unknown}
 K - 11 potions of ambrosia
 N - a potion of berserk rage
 Q - 4 potions of haste
 S - 3 potions of mutation {unknown}
 W - 4 potions of might


   Skills:
 + Level 15.4 Fighting
 - Level 24.0 Polearms
 - Level 2.0 Throwing
 - Level 19.9 Dodging
 - Level 8.0 Shields
 - Level 0.4 Spellcasting
 - Level 19.0 Ice Magic
 - Level 13.3 Invocations


You had 2 spell levels left.
You knew the following spells:

 Your Spells              Type           Power      Damage    Failure   Level
a - Ozocubu's Armour      Ice            57%        N/A       1%          3
b - Frozen Ramparts       Ice            100%       1d16      1%          3
c - Ensorcelled Hibernat  Hex/Ice        60%        N/A       1%          2
d - Ozocubu's Refrigerat  Ice            28%        4d13      9%          7

Your spell library contained the following spells:

 Spells                   Type           Power      Damage    Failure   Level
 Freeze                   Ice            100%       1d11      0%          1
 Magic Dart               Conj           0%         1d3       24%         1
 Summon Small Mammal      Summ           0%         N/A       24%         1
 Searing Ray              Conj           0%         2d4       36%         2
 Hailstorm                Conj/Ice       30%        3d8       4%          4
 Ice Form                 Ice/Tmut       30%        N/A       4%          4
 Summon Ice Beast         Ice/Summ       30%        N/A       4%          4
 Call Canine Familiar     Summ           0%         N/A       58%         3
 Dazzling Flash           Conj/Hex       0%         N/A       58%         3
 Gell's Gravitas          Tloc           0%         N/A       58%         3
 Spider Form              Tmut/Pois      0%         N/A       58%         3
 Teleport Other           Tloc           0%         N/A       58%         3
 Simulacrum               Ice/Necr       15%        N/A       58%         6
 Anguish                  Hex/Necr       0%         N/A       94%         4
 Cause Fear               Hex            0%         N/A       94%         4
 Fulminant Prism          Conj/Hex       0%         3d6       94%         4
 Leda's Liquefaction      Hex/Erth       0%         N/A       94%         4
 Agony                    Necr           0%         N/A       100%        5
 Lee's Rapid Deconstruct  Erth           0%         3d5*      100%        5
 Silence                  Hex/Air        0%         N/A       100%        5
 Summon Forest            Summ/Tloc      0%         N/A       100%        5
 Summon Mana Viper        Hex/Summ       0%         N/A       100%        5
 Conjure Ball Lightning   Conj/Air       0%         3x3d6     100%        6
 Dispersal                Tloc           0%         N/A       100%        6
 Statue Form              Tmut/Erth      0%         N/A       100%        6
 Summon Cactus Giant      Summ           0%         N/A       100%        6
 Dragon Form              Tmut           0%         N/A       100%        7
 Dragon's Call            Summ           0%         N/A       100%        9


Dungeon Overview and Level Annotations

Branches:
Dungeon (15/15)            Temple (1/1) D:7            Lair (5/5) D:11
  Swamp (4/4) Lair:3       Spider (0/4) Lair:2        Slime (0/5) Lair:5
    Orc (2/2) D:12            Elf (0/3) Orc:2        Vaults (2/5) D:14
 Depths (0/4) D:15
  Crypt: Vaults:2-3

Altars:
Ashenzari
Cheibriados
Dithmenos
Elyvilon
Fedhas
Gozag
Hepliaklqana
Kikubaaqudgha
Makhleb
Nemelex Xobeh
Okawaru
Qazlal
Ru
Sif Muna
Trog
Uskayaw
Vehumet
Wu Jian
Xom
Yredelemnul
Zin
The Shining One
Jiyva

Shops:
D:4 (   Orc:2 ?[[!   Vaults:2 :

Annotations:
Vaults:1 Mennas
Vaults:2 Jory
Vaults:5 !DO NOT ENTER YET
Abyss:1 Nikola


Innate Abilities, Weirdness & Mutations

((You are very nimble when in or above water. (Stealth+, EV+, Speed+++)))
Your lower body shifts to a powerful aquatic tail in water.


Message History

Press: ? - help, Dir - move target, f/p - Mennas
Aim: Mennas, wielding a +3 trishula of holy wrath and wearing a +0 tower shield (silenced, almost dead, radiating silence, haloed, about 46% to evade your +7 bardiche of distortion)
You reach to attack!
You closely miss Mennas.
Mennas is almost dead.
Mennas completely misses you. Mennas barely misses you.
Reach: a) +7 bardiche (distort)
Press: ? - help, Dir - move target, f/p - Mennas
Aim: Mennas, wielding a +3 trishula of holy wrath and wearing a +0 tower shield (silenced, almost dead, radiating silence, haloed, about 46% to evade your +7 bardiche of distortion)
You reach to attack!
Mennas blocks your attack.
Mennas is almost dead.
Reach: a) +7 bardiche (distort)
Press: ? - help, Dir - move target, f/p - Mennas
Aim: Mennas, wielding a +3 trishula of holy wrath and wearing a +0 tower shield (silenced, almost dead, radiating silence, haloed, about 46% to evade your +7 bardiche of distortion)
You reach to attack!
You barely miss Mennas.
Mennas is almost dead.
Mennas hits you from afar with a +3 trishula of holy wrath!!
* * * LOW HITPOINT WARNING * * *
Mennas hits you from afar with a +3 trishula of holy wrath!!
Zin protects you from harm!
Mennas is caught in a moment of prayer.
Mennas is caught in a moment of prayer.
Magic scrolls do not work when you're silenced!
You feel better.
Mennas hits you from afar with a +3 trishula of holy wrath.
* * * LOW HITPOINT WARNING * * *
Mennas barely misses you.
You feel better. Mennas closely misses you.
Mennas hits you from afar with a +3 trishula of holy wrath.
* * * LOW HITPOINT WARNING * * *
You feel better.
Mennas hits you from afar with a +3 trishula of holy wrath!!
* * * LOW HITPOINT WARNING * * *
Mennas hits you but does no damage.
You feel better.
Your extra speed is starting to run out.
You flicker for a moment.
Mennas hits you from afar with a +3 trishula of holy wrath!!
* * * LOW HITPOINT WARNING * * *
Mennas hits you from afar with a +3 trishula of holy wrath!!
You die...

#.........,,,,,,,,
#.########*****,,,
#.# *,,, #.# *,,,
#.# *,,, #.# *,,,
#.# *,,, #.# *,,,
#@# *,,, #.# *,,,
#A# *,,, #.# *,,,
#.# *,,, #.# *,,,
#.#############...
#.....(....(......
#.................


You could see Mennas (silencing).

Vanquished Creatures
  Rupert (Lair:4)
  Frances (Swamp:1)
  Agnes (D:14)
  A thorn hunter (Swamp:1)
  A frost giant (shapeshifter) (D:10)
  The ghost of Smoke131 the Fighter, a journeyman DrFE of Vehumet (Swamp:3)
  4 vault wardens
  2 ghouls
  4 ironbound preservers (Vaults:1)
  A very ugly thing (Vaults:1)
  3 ironbound thunderhulks (Vaults:1)
  An eleionoma (Swamp:4)
  4 bunyips
  6 dire elephants
  An ettin (Orc:2)
  A deep elf death mage (Vaults:1)
  2 yaktaur captains (Vaults:1)
  2 shambling mangroves (Swamp:4)
  A great orb of eyes (Vaults:1)
  27 hydras
  3 boulder beetles
  6 vault guards
  2 ghost crabs (Swamp:1)
  Harold (Orc:1)
  The ghost of nalyd1 the Covert, a journeyman FoHu of Hepliaklqana (Orc:2)
  A catoblepas (Lair:4)
  8 two-headed ogres
  8 centaur warriors
  2 ogre magi
  A death knight (D:15)
  10 alligators
  11 death yaks
  A spriggan berserker (Swamp:4)
  2 ironbound frosthearts (Vaults:1)
  3 tengu warriors
  3 orc high priests (Orc:2)
  A deep elf knight (Orc:2)
  Urug (D:12)
  2 skeletal warriors (D:15)
  A spectral death yak (Lair:5)
  A spectral anaconda (Lair:5)
  8 goliath frogs
  2 spriggan druids
  24 deep trolls
  9 swamp dragons
  10 bog bodies
  6 ironbound convokers
  A wolf spider zombie (D:15)
  3 deep elf pyromancers (D:15)
  2 wizards
  6 orc knights
  Pikel (D:5)
  5 necromancers
  An obsidian statue (Lair:5)
  4 harpies
  11 orc sorcerers
  8 ugly things
  4 cyclopes
  An oklob plant (Lair:4)
  4 will-o-the-wisps
  Maurice (D:9)
  17 elephants
  5 vault sentinels
  A dire elephant zombie (Lair:5)
  A centaur zombie (D:15)
  2 black mambas
  A centaur skeleton (D:15)
  Psyche (D:10)
  9 cane toads
  2 gargoyles
  A kobold demonologist (D:14)
  A dire elephant skeleton (Lair:5)
  15 yaktaurs
  2 rime drakes
  11 komodo dragons
  3 unseen horrors
  2 freezing wraiths
  4 efreet
  A queen bee (D:12)
  6 meliai
  5 trolls
  A polar bear (Lair:2)
  6 tyrant leeches
  A hornet (Swamp:3)
  10 blink frogs
  4 dream sheep (Lair:1)
  5 slime creatures
  A spectral elephant (Lair:5)
  3 vampires
  3 shadows
  47 yaks
  6 wraiths
  7 wyverns
  Eustachio (D:4)
  8 humans (D:14)
  6 spriggans
  A basilisk (Lair:5)
  A redback (Lair:2)
  2 steam dragons
  A death yak simulacrum (Lair:5)
  Grum (D:10)
  18 vampire mosquitoes
  12 swamp worms
  4 wargs
  An acid dragon (D:10)
  2 spectral cane toads (Lair:5)
  15 water moccasins
  4 sky beasts (D:7)
  An ice beast (D:8)
  A black bear (D:5)
  24 orc warriors
  9 swamp drakes (Swamp:4)
  An elephant zombie (Lair:5)
  A centaur (D:10)
  11 ogres
  16 wolves
  An elephant skeleton (Lair:5)
  A kobold brigand (D:9)
  2 gnoll sergeants
  12 bullfrogs
  8 scorpions
  5 necrophages
  A cane toad simulacrum (Lair:5)
  8 wights
  An elephant simulacrum (Lair:5)
  14 killer bees
  8 electric eels
  3 howler monkeys (D:10)
  4 lava snakes (Lair:3)
  14 orc priests
  A jelly (Lair:5)
  2 hounds (D:6)
  8 iguanas
  20 orc wizards
  A boggart skeleton (D:15)
  13 gnolls
  10 adders
  2 shadow imps
  2 ufetubi
  A worm (D:3)
  3 dart slugs
  64 orcs
  5 ball pythons
  7 endoplasms
  4 giant cockroaches
  3 goblins
  5 hobgoblins
  3 jackals (D:1)
  12 kobolds
  5 quokkas
  3 bats
  2 frilled lizards
  5 rats
833 creatures vanquished.

Vanquished Creatures (collateral kills)
  A gnoll sergeant (D:7)
  A worm (D:2)
  A kobold (D:2)
3 creatures vanquished.

Vanquished Creatures (others)
  A vault guard (D:14)
  A tyrant leech (Swamp:1)
  2 orc warriors (Orc:1)
  2 orc wizards (Orc:1)
  11 briar patches (Swamp:1)
  A bush (Lair:5)
  16 foxfires
  29 fungi
  67 plants
  21 withered plants (Lair:5)
151 creatures vanquished.

Grand Total: 987 creatures vanquished

Notes
Turn   | Place    | Note
-------+----------+-------------------------------------------
     0 | D:1      | devnull the Merfolk Gladiator began the quest for the Orb.
     0 | D:1      | Reached XP level 1. HP: 16/16 MP: 1/1
   218 | D:1      | Reached XP level 2. HP: 22/22 MP: 2/2
   248 | D:1      | Reached skill level 5 in Polearms
   599 | D:1      | Reached XP level 3. HP: 27/27 MP: 3/3
  1048 | D:2      | Reached skill level 6 in Polearms
  1159 | D:2      | Reached XP level 4. HP: 31/33 MP: 4/4
  1307 | D:2      | Reached skill level 7 in Polearms
  1466 | D:2      | Reached XP level 5. HP: 38/38 MP: 5/5
  2204 | D:3      | Found the +3 woodcutter's axe {vorpal}
  2211 | D:3      | Identified the +9 hand axe of Red Wine {vorpal, Contam
                  | rElec Will++ MP+9}
  2233 | D:3      | Reached skill level 8 in Polearms
  2233 | D:3      | Reached XP level 6. HP: 37/44 MP: 6/6
  2605 | D:4      | Reached skill level 9 in Polearms
  3342 | D:4      | Found Houreh's Antique Weapon Boutique.
  3375 | D:4      | Noticed Eustachio
  3418 | D:4      | Killed Eustachio
  3419 | D:4      | Reached skill level 10 in Polearms
  3419 | D:4      | Reached XP level 7. HP: 33/50 MP: 7/7
  3883 | D:5      | Entered Level 5 of the Dungeon
  3938 | D:5      | Reached skill level 11 in Polearms
  4048 | D:5      | Noticed a yak
  4053 | D:5      | Reached skill level 12 in Polearms
  4053 | D:5      | Reached XP level 8. HP: 41/56 MP: 8/8
  4056 | D:5      | Killed a yak
  4067 | D:5      | Reached skill level 13 in Polearms
  4274 | D:5      | You fall into a shaft and drop 1 floor!
  4412 | D:5      | Noticed Pikel
  4432 | D:5      | Killed Pikel
  4433 | D:5      | Reached skill level 14 in Polearms
  4433 | D:5      | Reached skill level 5 in Fighting
  4705 | D:6      | Noticed a yak
  4853 | D:6      | Reached XP level 9. HP: 69/69 MP: 9/9
  4906 | D:6      | Reached skill level 5 in Dodging
  6086 | D:7      | Found a staircase to the Ecumenical Temple.
  6149 | Temple   | Entered the Ecumenical Temple
  6336 | Temple   | Became a worshipper of Zin the Law-Giver
  6336 | Temple   | Reached * piety under Zin
  6471 | D:7      | Reached skill level 10 in Dodging
  6471 | D:7      | Reached skill level 1 in Invocations
  6656 | D:7      | Noticed a troll
  6730 | D:7      | Killed a troll
  6731 | D:7      | Reached skill level 5 in Invocations
  6731 | D:7      | Reached XP level 10. HP: 18/76 MP: 13/13
  7754 | D:8      | Reached ** piety under Zin
  8269 | D:9      | Noticed Maurice
  8281 | D:9      | Noticed a two-headed ogre
  8295 | D:9      | Killed a two-headed ogre
  8427 | D:9      | Reached skill level 15 in Polearms
  8623 | D:9      | Noticed a two-headed ogre
  8659 | D:9      | Killed a two-headed ogre
  8660 | D:9      | Reached skill level 16 in Polearms
  8665 | D:9      | Reached XP level 11. HP: 52/84 MP: 17/17
  8679 | D:9      | Killed Maurice
  9325 | D:10     | Entered Level 10 of the Dungeon
  9369 | D:10     | Noticed Grum
  9391 | D:10     | Killed Grum
  9441 | D:10     | Noticed Psyche
  9444 | D:10     | Killed Psyche
  9840 | D:10     | Reached skill level 10 in Fighting
  9873 | D:10     | Found a shimmering blue altar of Sif Muna.
 10152 | D:10     | Noticed a broodmother
 10158 | D:10     | a broodmother changed into something unseen
 10169 | D:10     | Found a bloodstained altar of Trog.
 10181 | D:10     | Noticed a minotaur
 10259 | D:10     | Noticed a frost giant
 10271 | D:10     | Killed a frost giant
 10326 | D:10     | Found an ancient bone altar of Kikubaaqudgha.
 10698 | D:11     | Noticed a two-headed ogre
 10710 | D:11     | Killed a two-headed ogre
 10764 | D:11     | Found a staircase to the Lair.
 10854 | D:11     | Noticed a cyclops
 10857 | D:11     | Killed a cyclops
 11090 | D:11     | Found a stormy altar of Qazlal.
 11090 | D:11     | Noticed a boulder beetle
 11776 | D:12     | Killed a boulder beetle
 11777 | D:12     | Reached skill level 17 in Polearms
 11777 | D:12     | Reached XP level 12. HP: 85/97 MP: 18/18
 11907 | D:12     | Reached *** piety under Zin
 11957 | D:12     | Noticed a two-headed ogre
 12019 | D:12     | Noticed Urug
 12032 | D:12     | Killed Urug
 12033 | D:12     | Reached skill level 18 in Polearms
 12247 | D:12     | Reached skill level 19 in Polearms
 12255 | D:12     | Killed a two-headed ogre
 12446 | D:12     | Reached skill level 20 in Polearms
 12460 | D:12     | Learned a level 3 spell: Ozocubu's Armour
 12496 | D:12     | Found a staircase to the Orcish Mines.
 12835 | D:12     | Reached skill level 1 in Ice Magic
 13174 | D:13     | Noticed a centaur warrior
 13244 | Lair:1   | Entered Level 1 of the Lair of Beasts
 13764 | Lair:1   | Reached skill level 5 in Ice Magic
 14185 | Lair:1   | Reached XP level 13. HP: 65/103 MP: 18/20
 14638 | Lair:2   | Reached skill level 10 in Invocations
 14970 | Lair:2   | Found a hole to the Spider Nest.
 15052 | Lair:2   | Reached **** piety under Zin
 15691 | Lair:3   | Reached skill level 1 in Shields
 16153 | Lair:3   | Found a staircase to the Swamp.
 16297 | Lair:3   | Reached skill level 5 in Shields
 16858 | Lair:4   | Noticed Rupert
 16908 | Lair:4   | Paralysed by Rupert for 2 turns
 17065 | Lair:4   | Killed Rupert
 17299 | Lair:3   | Learned a level 3 spell: Frozen Ramparts
 17543 | Lair:4   | Reached XP level 14. HP: 104/110 MP: 22/22
 17895 | Lair:4   | Found a blossoming altar of Fedhas.
 18735 | Lair:5   | Entered Level 5 of the Lair of Beasts
 18809 | Lair:5   | Reached skill level 10 in Ice Magic
 19297 | Lair:5   | Found a runed translucent door.
 19348 | Lair:5   | Identified the -2 cloak of Nimo {*Slow rF++ Will+}
 20075 | Lair:5   | Found a viscous altar of Jiyva.
 20143 | Lair:5   | Found a staircase to the Slime Pits.
 20158 | Lair:5   | Noticed a dire elephant
 20158 | Lair:5   | Noticed a dire elephant
 20158 | Lair:5   | Noticed a dire elephant
 20158 | Lair:5   | Noticed a dire elephant
 20190 | Lair:5   | Killed a dire elephant
 20288 | Lair:5   | Learned a level 2 spell: Ensorcelled Hibernation
 20977 | Lair:5   | Killed a dire elephant
 20987 | Lair:5   | Killed a dire elephant
 20988 | Lair:5   | Reached XP level 15. HP: 54/115 MP: 16/23
 21061 | Lair:5   | Reached ***** piety under Zin
 21266 | Orc:1    | Entered Level 1 of the Orcish Mines
 21625 | Orc:1    | Noticed Harold
 21917 | Orc:1    | Killed Harold
 21918 | Orc:1    | Reached skill level 21 in Polearms
 21981 | Orc:1    | Paralysed by an orc sorcerer for 4 turns
 22103 | Orc:2    | Entered Level 2 of the Orcish Mines
 22391 | Orc:2    | Found a runed translucent gate.
 22391 | Orc:2    | Found a runed translucent gate.
 22391 | Orc:2    | Found a runed translucent gate.
 22397 | Orc:2    | Noticed nalyd1's ghost (journeyman FoHu)
 22399 | Orc:2    | Found an iron altar of Okawaru.
 22755 | Orc:2    | Found a staircase to the Elven Halls.
 22780 | Orc:2    | Found Qelloq's Magic Scroll Emporium.
 22819 | Orc:2    | Reached skill level 22 in Polearms
 22947 | Orc:2    | Found Hujimiomy's Armour Boutique.
 22951 | Orc:2    | Bought a scroll of identify for 24 gold pieces
 22951 | Orc:2    | Bought a scroll of identify for 24 gold pieces
 22956 | Orc:2    | Found Datamn's Antique Armour Boutique.
 22958 | Orc:2    | Found Giqageyt's Distillery.
 23201 | Orc:2    | Bought a potion of might for 64 gold pieces
 23219 | Orc:2    | Bought a scroll of teleportation for 36 gold pieces
 23219 | Orc:2    | Bought a scroll of teleportation for 36 gold pieces
 23219 | Orc:2    | Bought a scroll of teleportation for 36 gold pieces
 23219 | Orc:2    | Bought a scroll of teleportation for 36 gold pieces
 23454 | Orc:2    | Bought a glowing chain mail for 225 gold pieces
 23556 | Orc:2    | Killed nalyd1's ghost
 23637 | Orc:2    | Identified the +8 plate armour "Athrajic" {rElec Str+4
                  | Dex-3}
 23640 | Orc:2    | Got Esodaret's Anthology of Destructive Ice
 23883 | Swamp:1  | Entered Level 1 of the Swamp
 24447 | Swamp:1  | Reached skill level 23 in Polearms
 24662 | Swamp:1  | Reached ****** piety under Zin
 24676 | Swamp:1  | Noticed a thorn hunter
 25865 | D:14     | Noticed Agnes
 25876 | D:14     | Killed Agnes
 25954 | D:14     | Identified the +4 robe "Xomaps" {Regen+ Dex+4}
 26089 | D:14     | Reached skill level 24 in Polearms
 26291 | Orc:2    | Bought a glowing ring mail for 210 gold pieces
 26897 | D:14     | Found a hazy altar of Hepliaklqana.
 26927 | D:14     | Reached XP level 16. HP: 13/122 MP: 13/24
 27041 | D:14     | Found a faded altar of an unknown god.
 27325 | D:14     | Reached skill level 15 in Dodging
 27343 | D:14     | Found a gate to the Vaults.
 27727 | D:15     | Entered Level 15 of the Dungeon
 27846 | D:15     | Found a staircase to the Depths.
 29031 | Swamp:1  | Killed a thorn hunter
 29310 | Swamp:1  | Noticed Frances
 29328 | Swamp:1  | Killed Frances
 29921 | Swamp:2  | Reached XP level 17. HP: 128/128 MP: 25/25
 30545 | Swamp:3  | Found a runed translucent gate.
 30546 | Swamp:3  | Found a runed translucent gate.
 30547 | Swamp:3  | Found a runed translucent gate.
 30547 | Swamp:3  | Noticed Smoke131's ghost (journeyman DrFE)
 31063 | Swamp:3  | Killed Smoke131's ghost
 31111 | Swamp:4  | Entered Level 4 of the Swamp
 31285 | Swamp:4  | Noticed Nikola
 31299 | Swamp:4  | Banished Nikola
 31459 | Swamp:3  | Reached skill level 15 in Ice Magic
 32481 | Swamp:4  | Got a decaying rune of Zot
 32485 | Swamp:4  | Identified the +0 pair of boots of Tulips {rN+ SInv}
 32799 | Vaults:1 | Entered Level 1 of the Vaults
 32818 | Vaults:1 | Learned a level 7 spell: Ozocubu's Refrigeration
 33030 | Vaults:1 | Zin protects you from harm!
 33161 | D:14     | Reached XP level 18. HP: 131/136 MP: 23/27
 34136 | Vaults:1 | Got the Anthology of Congealing Creation
 35072 | Vaults:2 | Reached skill level 15 in Fighting
 35093 | Vaults:2 | Found Asmesm's Book Boutique.
 35367 | Vaults:2 | Noticed Jory
 35478 | Vaults:2 | Noticed Mennas
 35898 | Vaults:1 | Zin protects you from harm!
 35911 | Vaults:1 | Mangled by Mennas

Illustrated notes

Levels and vault maps discovered:
D:1:      moated_graveyard_arrival, layout_basic
D:2:      layout_rooms
D:3:      layout_loops_ring, serial_glass, glass_columns_b, glass_columns_a,
          pf_guarded_unrand_woodcutter
D:4:      layout_layer_cave, serial_shops, nicolae_square_shop, uniq_eustachio
D:5:      wander_river, layout_rooms, minmay_hedge_maze, minmay_manual_mail,
          uniq_pikel
D:6:      layout_basic, minmay_manual_mess
D:7:      minmay_chambers_of_fours, layout_basic, minmay_temple_entry_tees
D:8:      layout_loops_corners
D:9:      layout_basic, st_stairs_4, uniq_maurice
D:10:     layout_long_grid, marbit_many_paths, mainiacjoe_overflow_two_lobes,
          uniq_grum, uniq_psyche
D:11:     layout_long_grid, lair_entry_dummy, nicolae_hexahallways, minivault_5,
          grunt_qazlal_sundering
D:12:     layout_long_grid, david_orc_2, minivault_7, uniq_urug
D:13:     layout_cave_pods
D:14:     layout_long_grid, ximxim_vaults_locker_room, kennysheep_small_spiral,
          beargit_hepliaklqana_dungeon_heroes, uniq_agnes
D:15:     grunt_enter_depths_magical_seal, layout_long_grid, special_room
          [special_room_orc]
Temple:   hellmonk_temple_of_storms
Lair:1:   layout_cave_pods, serial_bayou_ford_a, chequers_serial_rivers_room_a,
          st_stairs_6, nicolae_lair_lil_pond, minivault_19,
          chequers_serial_rivers_micro_a, infiniplex_staircase_pool_2
Lair:2:   layout_cave_pods, spider_nest_entry_webs, serial_bayou_lake_a
Lair:3:   layout_hall_layers, swamp_mist, nicolae_lair_liquid_snakes
Lair:4:   layout_regular_city, tgw_fedhas, grunt_megastairs_4, uniq_rupert
Lair:5:   due_jungle_book, layout_regular_city, slime_entry_2,
          grunt_megastairs_3
Swamp:1:  layout_basic_swamp, nicolae_swamp_very_dense_foliage, uniq_frances
Swamp:2:  layout_basic_swamp, nicolae_swamp_oxbows
Swamp:3:  layout_basic_swamp, gammafunk_ghost_hydra_chop,
          evilmike_swamp_ruin_house_1, swamp_pool4
Swamp:4:  swamp_basic_johnstein, layout_basic_swamp, uniq_nikola
Orc:1:    layout_caves, uniq_harold
Orc:2:    st_orc_elflike, layout_diamond_mine, gammafunk_ghost_fury_of_okawaru,
          basic_altar
Vaults:1: v_misc_28, v_misc_29, nicolae_vaults_meeting, ontoclasm_vaults_pinch,
          ontoclasm_vaults_chip, hangedman_vaults_slice, vaults_dpeg_ring,
          ontoclasm_vaults_eye, nicolae_vaults_yaktaur_gun_rack,
          layout_vaults_omnigrid
Vaults:2: v_alt_pattern_4, v_misc_33, hangedman_vaults_snaps, v_pattern_1,
          hangedman_vaults_pinch, nicolae_vaults_sealed_display,
          hangedman_vaults_corner_blocks, vaults_room_hallway,
          minmay_crypt_entry_simple_sparse, layout_vaults_omnicross,
          serial_shops, nicolae_shop_behind_doors, uniq_jory, uniq_mennas

Skill      XL: |  1  2  3  4  5  6  7  8  9 10 11 12 13 14 15 16 17 18 |
---------------+-------------------------------------------------------+-----
Polearms       | 5 6 7 8 10 12 14 16 17 20 24 | 24.0
Fighting       | 6 7 10 15 | 15.4
Dodging        | 10 13 14 19 | 19.9
Invocations    | 5 8 9 11 13 | 13.3
Ice Magic      | 8 14 19 | 19.0
Shields        | 8 |  8.0
Throwing       | |  2.0
Spellcasting   | |  0.4

Action                   |  1- 3 |  4- 6 |  7- 9 | 10-12 | 13-15 | 16-18 || total
-------------------------+-------+-------+-------+-------+-------+-------++-------
Melee: Trident           |    85 |    84 |       |    19 |   433 |       ||   621
       Battleaxe         |       |    51 |   190 |     8 |       |       ||   249
       Tailslap          |       |       |     2 |    15 |     4 |    11 ||    32
       Halberd           |       |       |       |   245 |    16 |       ||   261
       Spear             |       |       |       |    37 |       |       ||    37
       Glaive            |       |       |       |   302 |   455 |       ||   757
       Great sword       |       |       |       |       |    14 |       ||    14
       Bardiche          |       |       |       |       |   414 |  1135 ||  1549
Throw: Throwing net      |     1 |     1 |       |     5 |     2 |     4 ||    13
       Dart              |       |     3 |    10 |    44 |    36 |     5 ||    98
       Boomerang         |       |       |       |       |     3 |     1 ||     4
 Cast: Ozocubu's Armour  |       |       |       |     2 |    44 |    47 ||    93
       Frozen Ramparts   |       |       |       |       |    26 |    13 ||    39
       Ozocubu's Refrige |       |       |       |       |       |     6 ||     6
       Ensorcelled Hiber |       |       |       |       |       |     1 ||     1
Invok: Recite            |       |       |     1 |     4 |     8 |    21 ||    34
       Vitalisation      |       |       |       |     3 |     9 |    10 ||    22
       Imprison          |       |       |       |       |     5 |     5 ||    10
       Sanctuary         |       |       |       |       |       |     1 ||     1
Evoke: Wand              |       |     3 |     4 |     4 |     9 |       ||    20
  Use: Scroll            |     1 |       |     4 |     8 |    13 |     8 ||    34
       Potion            |       |       |     3 |       |     4 |    12 ||    19
 Stab: Sleeping          |       |       |     3 |     4 |     3 |     3 ||    13
       Invisible         |       |       |     2 |       |     2 |     1 ||     5
       Held in net/web   |       |       |       |     2 |       |       ||     2
       Petrified         |       |       |       |       |     3 |       ||     3
       Distracted        |       |       |       |       |     3 |     1 ||     4
       Petrifying        |       |       |       |       |     1 |       ||     1
       Paralysed         |       |       |       |       |     2 |       ||     2
       Confused          |       |       |       |       |       |     8 ||     8
Armor: Ring mail         |    25 |     5 |       |       |     4 |    10 ||    44
       Scale mail        |       |    26 |       |       |       |       ||    26
       Leather armour    |       |       |    53 |       |       |       ||    53
       Troll leather arm |       |       |       |   149 |   227 |       ||   376
       Chain mail        |       |       |       |       |    81 |       ||    81
       Robe              |       |       |       |       |       |   436 ||   436
Dodge: Dodged            |    34 |    62 |   132 |   441 |   860 |  1525 ||  3054
Block: Buckler           |       |       |       |       |    85 |       ||    85
